 Dungeon Crawl Stone Soup version 0.28.0-53-g5a82cb258f (webtiles) character file.

Game seed: 14034668126334617513

1143 fingers the Ruffian (level 8, -10/75 HPs)
             Began as a Troll Fighter on June 28, 2022.
             Was a Priest of Okawaru.
             Mangled by a gnoll
             ... wielding a +0 halberd
              (12 damage)
             ... on level 5 of the Dungeon.
             The game lasted 00:17:21 (4517 turns).

fingers the Ruffian (Troll Fighter)                 Turns: 4517, Time: 00:17:21

Health: -10/75     AC:  6    Str: 27    XL:     8   Next: 15%
Magic:  6/7        EV:  9    Int:  4    God:    Okawaru [***...]
Gold:   330        SH:  9    Dex:  9    Spells: 7/7 levels left

rFire   . . .      SeeInvis .   l - +4 scimitar
rCold   . . .      Faith    +   b - +1 kite shield
rNeg    . . .      Spirit   .   a - +0 robe
rPois   .          Reflect  .   z - +2 hat
rElec   .          Harm     .   (no cloak)
rCorr   .          Rampage  .   (gloves unavailable)
Will    .....                   (boots unavailable)
Stlth   +.........              f - amulet of faith
HPRegen 1.02/turn               g - ring of flight
MPRegen 0.10/turn               (no ring)

@: flying
A: large, unfitting armour, claws 3, regeneration 1, shaggy fur 1, tough skin 1
a: Renounce Religion, Heroism


You were on level 5 of the Dungeon.
You worshipped Okawaru.
Okawaru was most pleased with you.
You visited 1 branch of the dungeon, and saw 5 of its levels.

You collected 512 gold pieces.
You spent 182 gold pieces at shops.

Inventory:

Hand Weapons
 h - a +3 whip
 l - a +4 scimitar (weapon)
Missiles
 t - 6 javelins
 A - 3 silver javelins
Armour
 a - a +0 robe (worn)
 b - a +1 kite shield (worn)
 i - the +2 leather armour "Giryg" {Str+4}
   (You found it on level 2 of the Dungeon)

   Str:       It affects your strength (+4).
 z - a +2 hat (worn)
 C - a +0 cloak
Jewellery
 f - an amulet of faith (around neck)
 g - a ring of flight (left claw)
 o - an amulet of regeneration
 y - an amulet of magic regeneration
Wands
 u - a wand of flame (20)
Scrolls
 k - a scroll of enchant armour
 n - a scroll of magic mapping {unknown}
 q - a scroll of teleportation {unknown}
 r - a scroll of summoning {unknown}
 v - 2 scrolls of vulnerability {unknown}
 w - 2 scrolls of immolation {unknown}
Potions
 c - a potion of might
 d - a potion of brilliance {unknown}
 e - 2 potions of curing
 j - 3 potions of attraction
 m - a potion of lignification
 s - a potion of ambrosia {unknown}
 B - 3 potions of flight


   Skills:
 + Level 3.1 Fighting
 + Level 1.1 Long Blades
 + Level 4.6 Dodging
 + Level 1.2 Stealth
 + Level 4.5 Shields
 + Level 5.8 Unarmed Combat
 + Level 1.3 Invocations


You had 7 spell levels left.
You didn't know any spells.
Your spell library contained the following spells:

 Spells                   Type           Power      Damage    Failure   Level
 Static Discharge         Conj/Air       0%         N/A       89%         2
 Dispel Undead            Necr           0%         3d6       100%        4
 Sticky Flame             Conj/Fire      0%         2d3       100%        4


Dungeon Overview and Level Annotations

Branches:
Dungeon (5/15)
 Temple: D:4-7

Altars:
Dithmenos
Elyvilon
Nemelex Xobeh
Okawaru
Yredelemnul

Shops:
D:2 [   D:4 ?!


Innate Abilities, Weirdness & Mutations

You are too large for most types of armour.
You have claws for hands.
Your natural rate of healing is unusually fast.
You are covered in fur. (AC +1)
You have tough skin. (AC +1)


Message History

The gnoll hits you from afar with a +0 halberd!
The gnoll misses you.
Things that are here:
a +0 whip; a gnoll corpse You slash the gnoll sergeant!
The gnoll sergeant is moderately wounded.
You block the gnoll sergeant's attack. You block the gnoll's attack.
The gnoll barely misses you.
You completely miss the gnoll sergeant.
The gnoll sergeant is moderately wounded.
The gnoll sergeant hits you with a +0 spear!
The gnoll misses you.
The gnoll throws a throwing net.
The throwing net hits you.
You become entangled in the net!
The gnoll sergeant hits you with a +0 spear.
You struggle against the net.
The gnoll hits you from afar with a +0 halberd.
The gnoll barely misses you.
The gnoll sergeant hits you with a +0 spear!
You struggle against the net.
You feel like a meek peon again.
The gnoll hits you from afar with a +0 halberd!
The gnoll hits you from afar with a +0 halberd.
The gnoll sergeant hits you with a +0 spear.
You tear a large gash into the net.
The gnoll hits you from afar with a +0 halberd.
The gnoll hits you from afar with a +0 halberd!
* * * LOW HITPOINT WARNING * * *
The gnoll sergeant hits you with a +0 spear.
* * * LOW HITPOINT WARNING * * *
You rip the net and break free!
You block the gnoll's attack.
The gnoll hits you from afar with a +0 halberd.
* * * LOW HITPOINT WARNING * * *
The gnoll sergeant hits you with a +0 spear.
* * * LOW HITPOINT WARNING * * *
You hit the gnoll sergeant.
The gnoll sergeant is heavily wounded.
The gnoll closely misses you. The gnoll barely misses you.
You block the gnoll sergeant's attack. You block the gnoll's attack.
The gnoll hits you from afar with a +0 halberd!
You die...

##.##...#.#..........#
##..#...##############
.#........#
..........##
...#......#
.......#..###
.####..#..).##
##.......#
#@...###.....
....gg.g.#.# ....#
....gg#..### .#$#
.....!##.. # # .....
..## ...## ..# ..#
##.. ## #.#


You could see a gnoll sergeant and 4 gnolls.

Vanquished Creatures
  A black bear (D:4)
  An ogre (D:4)
  2 necrophages (D:4)
  A scorpion (D:4)
  4 wights (D:4)
  A bullfrog zombie (D:5)
  A gnoll shaman (D:2)
  2 centaur skeletons
  A human zombie (D:4)
  Natasha (thrice) (D:3)
  3 iguanas (D:4)
  An orc wizard (D:4)
  A scorpion zombie (D:4)
  A hound zombie (D:4)
  A hound skeleton (D:4)
  5 gnolls
  4 adders
  An ufetubus (D:4)
  2 worms (D:3)
  3 adder skeletons (D:4)
  3 adder zombies (D:4)
  4 dart slugs
  10 orcs
  11 ball pythons
  4 endoplasms
  A giant cockroach (D:4)
  4 goblins
  4 hobgoblins
  5 jackals
  2 quokkas
  4 bats
  A frilled lizard (D:2)
  9 kobolds
  5 rats
106 creatures vanquished.

Vanquished Creatures (others)
  A fungus (D:2)
  3 plants
4 creatures vanquished.

Grand Total: 110 creatures vanquished

Notes
Turn   | Place    | Note
-------+----------+-------------------------------------------
     0 | D:1      | fingers the Troll Fighter began the quest for the Orb.
     0 | D:1      | Reached XP level 1. HP: 22/22 MP: 0/0
    64 | D:1      | Reached XP level 2. HP: 19/29 MP: 1/1
   467 | D:1      | You fall into a shaft and drop 1 floor!
   493 | D:2      | Reached XP level 3. HP: 36/36 MP: 2/2
   588 | D:2      | Reached XP level 4. HP: 17/44 MP: 3/3
   589 | D:2      | HP: 2/44 [gnoll/+0 spear (4)]
   673 | D:2      | Identified the +2 leather armour "Giryg" {Str+4}
  1165 | D:2      | Reached skill level 3 in Unarmed Combat
  1212 | D:2      | Found Assov's Antique Armour Boutique.
  1308 | D:2      | Found a faded altar of an unknown god.
  1348 | D:2      | Prayed at the altar of an unknown god.
  1348 | D:2      | Became a worshipper of Warmaster Okawaru
  1348 | D:2      | Reached * piety under Okawaru
  1623 | D:3      | Noticed Natasha
  1633 | D:3      | Killed Natasha
  1634 | D:3      | Reached XP level 5. HP: 51/52 MP: 1/4
  1834 | D:3      | Noticed Natasha
  1846 | D:3      | Killed Natasha
  2120 | D:3      | Noticed Natasha
  2122 | D:3      | Found a shadowy altar of Dithmenos.
  2129 | D:3      | Killed Natasha
  3144 | D:4      | Noticed a black bear
  3153 | D:4      | Killed a black bear
  3154 | D:4      | Reached skill level 4 in Unarmed Combat
  3154 | D:4      | Reached XP level 6. HP: 45/59 MP: 5/5
  3366 | D:2      | Bought an embroidered hat for 182 gold pieces
  3638 | D:4      | Reached ** piety under Okawaru
  3724 | D:4      | Found Lisoklov's Distillery.
  3726 | D:4      | Found Roleffiu's Magic Scroll Shop.
  3834 | D:4      | HP: 1/59 [iguana (8)]
  3849 | D:4      | Reached skill level 1 in Stealth
  3854 | D:4      | Reached XP level 7. HP: 35/66 MP: 6/6
  3914 | D:4      | Reached skill level 5 in Unarmed Combat
  4093 | D:4      | Reached skill level 1 in Invocations
  4102 | D:4      | Found a basalt altar of Yredelemnul.
  4113 | D:4      | Reached XP level 8. HP: 75/75 MP: 7/7
  4117 | D:4      | Reached *** piety under Okawaru
  4323 | D:5      | Entered Level 5 of the Dungeon
  4403 | D:5      | Found a sparkling altar of Nemelex Xobeh.
  4433 | D:5      | Found a white marble altar of Elyvilon.
  4452 | D:5      | Reached skill level 1 in Long Blades
  4516 | D:5      | HP: 1/75 [gnoll sergeant/+0 spear (3)]
  4517 | D:5      | Mangled by a gnoll

Illustrated notes

Levels and vault maps discovered:
D:1:      matt_arrival_refuge, layout_basic, nicolae_grassy_gnolls
D:2:      layout_loops_corners, serial_shops, shop,
          shapermc_ecumenical_altar_mp_ritualfount, corexii_shack,
          kennysheep_generic_room_4
D:3:      layout_basic, nicolae_dithmenos_through_a_glass_darkly, serial_rivers,
          chequers_serial_rivers_room_a, chequers_serial_rivers_small_3,
          chequers_serial_rivers_marsh, chequers_serial_rivers_micro_d,
          chequers_serial_rivers_micro_b, chequers_serial_rivers_micro_e,
          uniq_natasha
D:4:      minmay_polygon_palace, layout_rooms,
          lemuel_mausoleum_altar_yredelemnul, columned_hall_lemuel,
          nicolae_wooded_promenade
D:5:      layout_cave_pools, mainiacjoe_overflow_catch_the_wave,
          portal_sewer_entry_e

Skill      XL: |  1  2  3  4  5  6  7  8 |
---------------+-------------------------+-----
Dodging        | 3 4 |  4.6
Shields        | 3 4 |  4.5
Unarmed Combat | 3 4 5 |  5.8
Stealth        | 1 |  1.2
Fighting       | 3 |  3.1
Invocations    | 1 |  1.3
Long Blades    | 1 |  1.1

Action                   |  1- 3 |  4- 6 |  7- 9 || total
-------------------------+-------+-------+-------++-------
Melee: Unarmed           |    60 |   158 |    32 ||   250
       Scimitar          |       |       |    79 ||    79
Invok: Heroism           |       |     3 |     4 ||     7
  Use: Scroll            |       |     8 |       ||     8
       Potion            |       |     3 |       ||     3
Armor: Robe              |    15 |    80 |    52 ||   147
Dodge: Dodged            |    31 |   113 |    71 ||   215
Block: Kite shield       |    31 |   110 |    86 ||   227
